 Dungeon Crawl Stone Soup version 0.21.1-1-g345015f (webtiles) character file.

112 Kairos the Shield-Bearer (level 4, 24/24 HPs)
             Began as a Vine Stalker Fighter on Apr 23, 2018.
             Got out of the dungeon alive.
             The game lasted 00:03:58 (1574 turns).

Kairos the Shield-Bearer (Vine Stalker Fighter)     Turns: 1574, Time: 00:03:58

Health: 24/24      AC:  6    Str: 19    XL:     4   Next: 93%
Magic:  5/5        EV:  7    Int:  8    God:
Gold:   77         SH: 10    Dex: 14    Spells: 3/3 levels left

rFire    . . .     SeeInvis .   a - +0 war axe
rCold    . . .     Gourm    .   c - +1 shield
rNeg     . . .     Faith    .   b - +0 scale mail
rPois    .         Spirit   +   (no helmet)
rElec    .         Reflect  .   (no cloak)
rCorr    .         Harm     .   (no gloves)
MR       .....                  (no boots)
Stlth    ..........             (no amulet)
HPRegen  0.48/turn              (no ring)
MPRegen  0.09/turn              (no ring)

@: no status effects
A: fangs 2, regeneration 1, magic shield, antimagic bite, no potion heal 3, rot
immunity
a: no special abilities


You escaped.
You were not hungry.

You visited 1 branch of the dungeon, and saw 3 of its levels.

You collected 77 gold pieces.

Inventory:

Hand Weapons
 a - a +0 war axe (weapon)
 p - a +0 trident of piercing
Armour
 b - a +0 scale mail (worn)
 c - a +1 shield (worn)
Wands
 e - a wand of random effects (41)
 h - a wand of polymorph (8)
Scrolls
 g - 3 scrolls of amnesia
 i - 2 scrolls of fog
 k - a scroll of immolation
 l - a scroll of fear
 m - 2 scrolls of teleportation
 r - a scroll of remove curse
Potions
 d - 2 potions of might
 j - a potion of degeneration {unknown}
 n - a potion of brilliance {unknown}
 q - 2 potions of agility {unknown}
Comestibles
 f - 6 rations


   Skills:
 + Level 3.1 Fighting
 + Level 2.9 Axes
 + Level 3.0 Armour
 + Level 0.2 Dodging
 + Level 0.4 Stealth
 + Level 3.4 Shields


You had 3 spell levels left.
You didn't know any spells.

Dungeon Overview and Level Annotations

Branches:
Dungeon (3/15)

Altars:
Dithmenos
Qazlal
Wu Jian


Innate Abilities, Weirdness & Mutations

You have extremely sharp teeth.
Your natural rate of healing is unusually fast.
When hurt, damage is shared between your health and your magic reserves.
Your bite disrupts and absorbs the magic of your enemies.
Potions cannot restore your health.
You are immune to rotting.


Message History

You see here an adder corpse.
You see here a bat skeleton.
There is an open door here.
There is an open door here.
All of the chunks of flesh in your inventory have rotted away.
There is a stone staircase leading up here.
You climb upwards.
There is a stone staircase leading down here.
Wear which item? (? for menu, Esc to quit)
Okay, then.
Unknown command.
Press: ? - help, v - describe, . - travel A stone staircase leading down.
There is a stone staircase leading up here.
You climb upwards.
There is a stone staircase leading down here.
You see here a whip.
There is a staircase leading out of the dungeon here.
Are you sure you want to leave the Dungeon?
This will make you lose the game!
You have escaped!

#.................
#######.#.....#..###
#..................#
#.######.........#..
#.# #.#..........
#.# #.......#.#..
#.## ##.....#.....
#..## #........#.#
#..@# #.#.....#...
##.## #.#....#(..#
### ###...#...#.
#..#...)..
#.#.......
#.........
########...
#.....#....
###.####..#


There were no monsters in sight!

Vanquished Creatures
  Jessica (D:3)
  3 gnolls (D:3)
  An adder (D:3)
  An ooze (D:2)
  2 dart slugs
  2 leopard geckos
  2 giant cockroaches
  3 goblins
  3 hobgoblins (D:3)
  12 kobolds
  A quokka (D:3)
  3 bats
  4 frilled lizards
  2 rats
40 creatures vanquished.

Notes
Turn   | Place    | Note
-------+----------+-------------------------------------------
     0 | D:1      | Kairos the Vine Stalker Fighter began the quest for the Orb.
     0 | D:1      | Reached XP level 1. HP: 11/11 MP: 2/2
   145 | D:1      | Reached XP level 2. HP: 13/16 MP: 3/3
   475 | D:2      | Found a shadowy altar of Dithmenos.
   667 | D:2      | Reached XP level 3. HP: 18/19 MP: 4/4
  1163 | D:3      | Noticed Jessica
  1165 | D:3      | Killed Jessica
  1165 | D:3      | Gained mutation: Your natural rate of healing is unusually fast. [Vine Stalker growth]
  1165 | D:3      | Reached XP level 4. HP: 24/24 MP: 5/5
  1238 | D:3      | Found a stormy altar of Qazlal.
  1249 | D:3      | Found an ornate altar of the Wu Jian Council.
  1309 | D:3      | HP: 1/24 [gnoll/halberd of holy wrath (3)]
  1574 | D:$      | Got out of the dungeon alive.

Skill      XL: |  1  2  3  4 |
---------------+-------------+-----
Shields        | 3 |  3.4
Axes           | 2 |  2.9
Fighting       | 3 |  3.1
Armour         | 3 |  3.0
Dodging        | |  0.2
Stealth        | |  0.4

Action                   |  1- 3 |  4- 6 || total
-------------------------+-------+-------++-------
Melee: War axe           |    67 |    23 ||    90
       Bite              |    20 |     7 ||    27
  Use: Scroll            |     8 |     1 ||     9
       Potion            |       |     1 ||     1
  Eat: Chunk             |       |     2 ||     2
Armor: Scale mail        |    32 |     4 ||    36
Dodge: Dodged            |    14 |    10 ||    24
Block: Shield            |    30 |    15 ||    45
